 Dungeon Crawl Stone Soup version 0.21-a0-634-gaf8bc5d (webtiles) character file.

191 Megalobster the Charmwright (level 5, -2/41 HPs)
             Began as a Merfolk Skald on Dec 29, 2017.
             Killed from afar by an orc wizard (5 damage)
             ... with a magic dart
             ... on level 4 of the Dungeon.
             The game lasted 00:12:43 (4266 turns).

Megalobster the Charmwright (Merfolk Skald)         Turns: 4266, Time: 00:12:44

Health: -2/41      AC:  3    Str: 14    XL:     5   Next: 70%
Magic:  3/9        EV: 21    Int: 14    God:
Gold:   241        SH:  0    Dex: 19    Spells: 1/9 levels left

rFire    . . .     SeeInvis +   a - +0 spear
rCold    . . .     Gourm    .   (no shield)
rNeg     . . .     Faith    .   b - +0 leather armour
rPois    .         Spirit   .   (no helmet)
rElec    .         Reflect  .   (no cloak)
rCorr    .         Harm     .   (no gloves)
MR       +....                  (no boots)
Stlth    ++........             (no amulet)
HPRegen  0.13/turn              h - ring of protection from magic
MPRegen  0.11/turn              i - +2 ring of evasion

@: agile, very slightly contaminated, invisible
A: change form in water, swift swim, stealthy swim, see invisible, clever 1,
strong 1, evolution 1
a: no special abilities


You were on level 4 of the Dungeon.
You were not hungry.

You visited 1 branch of the dungeon, and saw 4 of its levels.

You collected 241 gold pieces.

Inventory:

Hand Weapons
 a - a +0 spear (weapon)
Missiles
 e - 157 stones (quivered)
Armour
 b - a +0 leather armour (worn)
 j - a +0 scale mail
 p - a +0 chain mail
Magical Staves
 C - an uncursed staff of air {unknown}
Jewellery
 h - a ring of protection from magic (left hand)
 i - a +2 ring of evasion (right hand)
 o - a +2 ring of intelligence
Wands
 t - a wand of clouds (3)
 w - a wand of disintegration (9)
 y - a wand of acid (11)
 D - a wand of paralysis (7)
Scrolls
 g - 5 scrolls of remove curse
 k - 2 scrolls of enchant armour {unknown}
 n - 2 scrolls of fear {unknown}
 z - a scroll of teleportation
Potions
 q - 2 potions of ambrosia
 r - 4 potions of curing
 s - a potion of resistance {unknown}
 v - a potion of haste {unknown}
 x - 2 potions of lignification {unknown}
 B - a potion of berserk rage {unknown}
Books
 c - a book of Battle

   Spells                             Type                      Level
   a - Infusion                       Charms                       1
   b - Shroud of Golubria             Charms/Translocation         2
   c - Song of Slaying                Charms                       2
   d - Spectral Weapon                Hexes/Charms                 3
   e - Regeneration                   Charms/Necromancy            3
 A - a book of Flames

   Spells                             Type                      Level
   a - Flame Tongue                   Conjuration/Fire             1
   b - Throw Flame                    Conjuration/Fire             2
   c - Conjure Flame                  Conjuration/Fire             3
   d - Inner Flame                    Hexes/Fire                   3
   e - Sticky Flame                   Conjuration/Fire             4
   f - Fireball                       Conjuration/Fire             5
Comestibles
 u - 5 rations


   Skills:
 + Level 3.1 Fighting
 + Level 4.0 Polearms
 + Level 1.5 Armour
 + Level 3.7 Dodging
 + Level 2.6 Spellcasting
 * Level 0.2 Hexes
 * Level 4.5 Charms


You had one spell level left.
You knew the following spells:

 Your Spells              Type           Power        Failure   Level  Hunger
a - Infusion              Chrm           ##..         4%          1    #......
b - Song of Slaying       Chrm           ##......     6%          2    ###....
c - Shroud of Golubria    Chrm/Tloc      #.........   16%         2    ###....
d - Spectral Weapon       Hex/Chrm       #.......     30%         3    ###....


Dungeon Overview and Level Annotations

Branches:
Dungeon (4/15)
 Temple: D:4-7

Altars:
Ru

Shops:
D:4 %


Innate Abilities, Weirdness & Mutations

You revert to your normal form in water.
You are very nimble and swift while swimming.
You are very stealthy in the water. (Stealth+)
You have supernaturally acute eyesight. (SInv)
Your mind is acute. (Int +2)
Your muscles are strong. (Str +2)
You evolve.


Message History

You feel agile all of a sudden.
Your song has ended.
The orc barely misses you. The orc wizard casts a spell at you.
The magic dart hits you!
* * * LOW HITPOINT WARNING * * *
It was a potion of magic.
Magic courses through your body. The orc wizard closely misses you.
Casting: Spectral Weapon
Confirm with . or Enter, or press ? or * to list all spells.
You miscast Spectral Weapon.
The air around you crackles with energy!
The orc wizard completely misses you.
You hit the orc but do no damage. The orc misses you.
You barely miss the orc. The orc closely misses you.
Casting: Spectral Weapon
Confirm with . or Enter, or press ? or * to list all spells.
You draw out your weapon's spirit!
The orc wizard gestures at you while chanting.
The magic dart hits you!
You die...

..# #........#####.# ..#
#............#.# ..#
#............#.# ..#
#............#.#
.########............#.#
.....................'.#
.#####..#.....(......########
........#.......oo..........#
........#.......@##########.#
........#........# .#
#.......#........# .#
#.......#........# .#
#.......#........# o#
#.......#####..... o# ###+#
..# #..... o# ..# . ..#
...... #.# .#..# ........


You could see an orc wizard (invisible), an orc and a friendly spectral spear.

Vanquished Creatures
  Terence (D:2)
  An iguana (D:4)
  A hound skeleton (D:4)
  3 adders
  3 worms
  A dart slug (D:2)
  6 leopard geckos
  3 orcs (D:4)
  9 bats
  6 giant cockroaches
  8 goblins
  10 hobgoblins
  6 jackals
  4 kobolds
  2 quokkas
  A ball python (D:2)
  6 frilled lizards
  A quokka skeleton (D:2)
  6 rats
78 creatures vanquished.

Notes
Turn   | Place    | Note
-------+----------+-------------------------------------------
     0 | D:1      | Megalobster the Merfolk Skald began the quest for the Orb.
     0 | D:1      | Reached XP level 1. HP: 16/16 MP: 3/3
   113 | D:1      | Reached XP level 2. HP: 23/23 MP: 5/5
   117 | D:1      | Learned a level 2 spell: Song of Slaying
   120 | D:1      | Learned a level 2 spell: Shroud of Golubria
   617 | D:1      | Reached skill level 1 in Armour
   648 | D:1      | Reached XP level 3. HP: 19/28 MP: 2/6
  1284 | D:2      | Noticed Terence
  1402 | D:2      | Gained mutation: You evolve. [potion of mutation]
  1402 | D:2      | Gained mutation: You are resistant to hostile enchantments. (MR+) [potion of mutation]
  1402 | D:2      | Gained mutation: You have supernaturally acute eyesight. (SInv) [potion of mutation]
  1402 | D:2      | Gained mutation: Your mind is acute. (Int +2) [potion of mutation]
  1407 | D:2      | Killed Terence
  1407 | D:2      | Reached XP level 4. HP: 4/34 MP: 2/7
  2660 | D:3      | Gained mutation: Your muscles are strong. (Str +2) [evolution]
  3099 | D:3      | Reached XP level 5. HP: 35/41 MP: 3/8
  3429 | D:4      | Found Sixkiyget's Food Shop.
  3965 | D:4      | Learned a level 3 spell: Spectral Weapon
  4004 | D:4      | Found a sacrificial altar of Ru.
  4105 | D:4      | Lost mutation: You are resistant to hostile enchantments. (MR+) [evolution]
  4261 | D:4      | HP: 2/41 [orc wizard/magic dart (6)]
  4266 | D:4      | Killed from afar by an orc wizard

Vault maps used:
D:1:      dpeg_arrival_morbid_curiosity
D:2:      uniq_terence
D:3:      item_on_display_a
D:4:      nicolae_overflow_hidden_temple, serial_shops, shop, first_ration

Skill      XL: |  1  2  3  4  5 |
---------------+----------------+-----
Armour         | 1 |  1.5
Dodging        | 3 |  3.7
Charms         | 4 |  4.5
Fighting       | 3 |  3.1
Polearms       | 4 |  4.0
Spellcasting   | |  2.6
Hexes          | |  0.2

Action                   |  1- 3 |  4- 6 || total
-------------------------+-------+-------++-------
Melee: Spear             |   113 |   221 ||   334
 Cast: Infusion          |     5 |     9 ||    14
       Song of Slaying   |       |     2 ||     2
       Shroud of Golubri |       |     1 ||     1
       Spectral Weapon   |       |     1 ||     1
  Use: Potion            |     2 |     3 ||     5
       Scroll            |       |     5 ||     5
 Stab: Sleeping          |     1 |       ||     1
       Invisible         |       |     3 ||     3
  Eat: Chunk             |     2 |     6 ||     8
       Ration            |       |     1 ||     1
Armor: Leather armour    |    19 |    22 ||    41
       Scale mail        |       |    21 ||    21
Dodge: Dodged            |    52 |   118 ||   170

Table legend:
 A = Spawn XP
 B = Non-spawn XP
 C = Spawn XP percentage of total XP
 D = Spawn monster count
 E = Non-spawn monster count
 F = Spawn count percentage of total count
 G = Total turns spent on level
                    A         B        C        D         E        F      G
               +---------+---------+-------+---------+---------+-------+---------
         Total |       0 |     273 |   0.0 |       0 |      78 |   0.0 |  4266
               +---------+---------+-------+---------+---------+-------+---------
           D:1 |       0 |      37 |   0.0 |       0 |      20 |   0.0 |  1216
           D:2 |       0 |      80 |   0.0 |       0 |      27 |   0.0 |  1308
           D:3 |       0 |      58 |   0.0 |       0 |      16 |   0.0 |   875
           D:4 |       0 |      98 |   0.0 |       0 |      15 |   0.0 |   867
               +---------+---------+-------+---------+---------+-------+---------
